Map: Acolyte LE

Players

GuMiho

  • Race: Terran Terran
  • Spawn Location: 7:00

soO - Winner!

  • Race: Zerg Zerg
  • Spawn Location: 1:00

Event: 2017 WCS Global Finals

VOD

Have the link to the VOD?

Description

Time

  • Played on: Nov. 3, 2017, 5:30 p.m.
  • Length: 18:35

All games in this series

Show
View Real Time Build Order
Export as new Build Order

GuMiho Terran 

Build Orders: Gas First Reaper Expand, Reaper Expand, Mech 

Get SALT Encoding   

  12  0:00  SCV  
  13  0:12  SCV  
  14  0:17  Supply Depot  
  14  0:24  SCV  
  15  0:29  Refinery  
  15  0:38  SCV  
  16  0:44  Barracks  
  16  0:50  SCV  
  17  1:02  SCV  
  18  1:15  SCV  
  19  1:31  Reaper, Orbital Command  
  20  1:42  Command Center  
  20  1:53  Factory  
  20  1:56  SCV  
  21  2:01  Refinery  
  21  2:06  Barracks Reactor  
  21  2:08  SCV  
  21  2:14  Supply Depot  
  22  2:21  SCV  
  23  2:35  SCV  
  24  2:37  Starport  
  24  2:47  Hellion x2  
  24  2:48  SCV  
  29  2:53  Orbital Command  
  29  2:57  Barracks Tech Lab  
  29  3:00  SCV  
  30  3:08  Widow Mine x2  
  30  3:12  SCV  
  35  3:19  SCV  
  36  3:20  Medivac  
  36  3:24  SCV  
  36  3:25  Supply Depot  
  39  3:31  SCV  
  40  3:37  Hellion x2  
  42  3:43  SCV x2  
  41  3:50  Raven  
  41  3:55  SCV x2  
  45  3:57  Supply Depot  
  45  3:59  Barracks Tech Lab  
  45  4:00  Hellion  
  45  4:01  Hellion  
  49  4:07  SCV x2  
  51  4:16  Command Center  
  51  4:21  SCV x2  
  53  4:25  Hellion  
  53  4:26  Hellion  
  57  4:35  SCV x2  
  57  4:36  Raven  
  57  4:39  Refinery  
  57  4:40  Refinery  
  57  4:47  SCV  
  57  4:48  SCV  
  57  4:50  Supply Depot  
  59  4:52  Supply Depot  
  59  4:53  Marine  
  61  5:00  SCV x2  
  62  5:12  SCV x2, Cyclone x2  
  70  5:17  Armory  
  70  5:24  SCV x2  
  72  5:29  Orbital Command  
  72  5:36  SCV x2  
  72  5:37  Factory  
  72  5:39  Factory, Viking  
  76  5:44  Barracks Reactor  
  76  5:48  Supply Depot, SCV x2  
  78  5:52  Hellion x2  
  78  5:55  SCV  
  83  5:58  Refinery x2  
  83  6:00  SCV x2  
  83  6:01  Supply Depot  
  83  6:02  Supply Depot  
  85  6:07  SCV  
  85  6:11  Terran Vehicle Weapons Level 1  
  86  6:12  SCV x2  
  86  6:15  Hellion x2  
  92  6:21  SCV  
  92  6:24  SCV  
  92  6:25  SCV  
  95  6:33  Supply Depot  
  95  6:34  Supply Depot, SCV, Siege Tank x2  
  102  6:40  SCV  
  102  6:41  SCV  
  102  6:43  Hellion x2  
  102  6:46  SCV  
  109  6:53  SCV x2  
  107  7:02  SCV  
  107  7:05  Viking x2, SCV  
  113  7:08  Supply Depot  
  113  7:09  Siege Tank x2  
  113  7:10  Supply Depot  
  113  7:12  Factory  
  113  7:13  Factory  
  113  7:14  Supply Depot  
  113  7:15  Hellion x2  
  123  7:17  SCV x2  
  125  7:23  SCV  
  125  7:26  Liberator  
  125  7:29  SCV x2  
  128  7:31  Liberator  
  128  7:32  Infernal Pre-Igniter  
  128  7:36  Armory  
  128  7:40  Hellion x2  
  128  7:42  Siege Tank x2  
  141  7:50  Supply Depot  
  144  7:51  Supply Depot  
  144  7:56  SCV x2  
  144  7:57  SCV  
  147  8:07  Hellion x2, Factory Tech Lab, Factory Reactor  
  147  8:12  Supply Depot  
  151  8:14  Supply Depot  
  151  8:15  Siege Tank x2  
  151  8:18  Supply Depot  
  157  8:29  Engineering Bay  
  157  8:31  Siege Tank  
  157  8:32  Command Center, Viking x2, Hellion x2  
  168  8:41  Terran Vehicle Weapons Level 2  
  168  8:46  Terran Vehicle And Ship Armor Level 1  
  168  8:47  Hellion x2  
  172  8:51  Siege Tank  
  175  9:04  Siege Tank  
  175  9:07  Siege Tank  
  175  9:08  Hellion x2  
  175  9:09  Hellion x2  
  189  9:16  Missile Turret  
  189  9:19  Command Center  
  189  9:20  Command Center  
  196  9:42  Thor  
  196  9:44  Thor  
  199  9:48  Thor  
  188  10:15  Hellion x3  
  188  10:18  Hellion  
  196  10:25  Siege Tank  
  196  10:27  Siege Tank  
  200  10:31  Siege Tank  
  176  10:36  Hellion x3  
  176  10:39  Hellion  
  176  10:41  Viking x2  
  184  10:48  Orbital Command  
  179  10:57  Hellion, Siege Tank  
  179  10:58  Hellion x2  
  179  10:59  Siege Tank  
  179  11:03  Siege Tank  
  194  11:10  Hellion  
  185  11:24  Hellion  
  185  11:25  Hellion  
  183  11:26  Hellion  
  183  11:27  Viking  
  183  11:29  Siege Tank  
  183  11:31  Hellion x12, Siege Tank  
  183  11:32  Planetary Fortress  
  186  11:35  Siege Tank  
  186  11:37  Refinery  
  186  11:38  Refinery  
  181  11:40  Liberator x2  
  181  11:46  Hellion x2  
  183  11:50  Missile Turret  
  183  11:51  Missile Turret x2  
  183  11:59  Hellion x2  
  191  12:01  Siege Tank  
  191  12:03  Hellion x3, Siege Tank  
  191  12:08  Hellion, Siege Tank  
  200  12:14  Hellion  
  192  12:21  Hellion x2  
  196  12:30  Liberator  
  196  12:31  Hellion  
  196  12:33  Siege Tank  
  196  12:35  Terran Vehicle Weapons Level 3  
  196  12:36  Hellion x2  
  197  12:40  Siege Tank  
  197  12:42  Hellion x2  
  197  12:43  Liberator  
  197  12:50  Command Center  
  200  13:01  Hellion  
  200  13:02  Hellion x2  
  199  13:05  Hellion  
  195  13:12  Liberator  
  195  13:16  Hellion  
  195  13:17  Hellion  
  195  13:19  Siege Tank  
  197  13:23  Siege Tank  
  197  13:24  Hellion  
  198  13:45  Hellion x3, Siege Tank  
  198  13:46  Hellion  
  153  13:51  Siege Tank  
  151  13:56  Medivac, Hellion  
  150  14:06  Hellion  
  150  14:07  Hellion  
  154  14:12  Medivac  
  156  14:19  Siege Tank x2  
  156  14:22  Hellion x2  
  168  14:24  Hellion  
  168  14:28  Hellion  
  168  14:29  Medivac, Orbital Command  
  172  14:33  Hellion  
  168  14:42  Medivac  
  168  14:44  Hellion x2  
  168  14:45  Siege Tank  
  177  14:49  Hellion  
  177  14:51  Siege Tank  
  177  14:52  Hellion  
  176  14:54  Hellion  
  178  15:05  Hellion  
  180  15:13  Siege Tank  
  183  15:17  Siege Tank  
  186  15:23  Hellion, Siege Tank  
  191  15:31  Refinery  
  191  15:32  Refinery  
  191  15:33  Hellion  
  155  16:01  Hellion  
  152  16:12  Thor x2  
  152  16:13  Thor  
  154  16:33  Hellion x2  
  154  16:34  Hellion x2  
  147  16:54  Viking  
  147  16:55  Hellion x2, Siege Tank x2  
  147  17:01  Hellion  
  160  17:04  Hellion  
  164  17:08  Hellion  
  160  17:16  Hellion  
  160  17:17  Hellion  
  164  17:23  Orbital Command  
  164  17:25  Hellion  
  158  17:46  Siege Tank  
  161  17:53  Hellion  
  163  17:59  Hellion  
  110  18:13  Hellion  
Show
View Real Time Build Order
Export as new Build Order

soO Zerg - Winner!

Build Orders: Hatch First, Swarm Host 

Get SALT Encoding   

  12  0:00  Drone  
  13  0:12  Overlord  
  13  0:17  Drone  
  14  0:30  Drone x2  
  14  0:34  Drone  
  17  0:51  Hatchery  
  17  0:54  Drone  
  17  0:57  Drone  
  18  1:08  Extractor  
  17  1:12  Spawning Pool  
  17  1:15  Drone  
  17  1:19  Drone  
  18  1:28  Drone  
  19  1:40  Overlord  
  19  1:59  Queen  
  19  2:00  Zergling x4  
  23  2:03  Queen  
  23  2:04  Zergling x2  
  23  2:08  Metabolic Boost  
  26  2:10  Drone  
  26  2:14  Drone  
  28  2:21  Drone  
  29  2:26  Drone  
  30  2:35  Queen, Overlord  
  32  2:38  Drone  
  33  2:44  Drone  
  33  2:46  Pneumatized Carapace  
  33  2:49  Drone  
  35  2:54  Drone  
  35  2:57  Drone  
  37  3:05  Overlord  
  37  3:06  Drone  
  37  3:08  Drone  
  37  3:09  Drone x2  
  37  3:11  Drone  
  42  3:14  Drone  
  42  3:16  Drone  
  44  3:29  Hatchery  
  43  3:37  Spore Crawler  
  43  3:40  Drone x2  
  43  3:41  Drone x3  
  43  3:43  Drone  
  43  3:44  Drone  
  43  3:46  Drone  
  49  3:51  Overlord  
  49  3:54  Queen  
  51  4:00  Spore Crawler  
  51  4:01  Spore Crawler, Zergling x2  
  50  4:07  Overlord  
  50  4:08  Drone x2  
  52  4:17  Baneling Nest, Zergling x4  
  52  4:19  Lair  
  52  4:21  Drone  
  52  4:22  Drone  
  55  4:24  Drone  
  55  4:27  Drone  
  55  4:29  Drone x2  
  59  4:31  Drone  
  60  4:40  Queen  
  60  4:44  Extractor  
  61  4:46  Drone  
  61  4:47  Extractor  
  61  4:52  Drone x2  
  63  4:57  Drone  
  63  4:58  Drone  
  65  5:02  Evolution Chamber  
  65  5:03  Evolution Chamber, Drone  
  65  5:04  Drone  
  65  5:05  Drone  
  66  5:10  Drone x4  
  70  5:15  Queen  
  70  5:16  Drone  
  73  5:21  Drone  
  73  5:22  Spore Crawler, Drone  
  73  5:23  Hydralisk Den  
  73  5:26  Overlord  
  72  5:30  Drone  
  72  5:33  Overlord  
  73  5:38  Overlord  
  73  5:39  Spore Crawler  
  73  5:41  Drone  
  73  5:42  Zerg Missile Weapons Level 1, Zerg Ground Armor Level 1  
  73  5:44  Overlord  
  73  5:49  Zergling x6  
  76  5:55  Drone x3  
  79  5:59  Muscular Augments, Drone  
  79  6:00  Drone x4  
  79  6:01  Extractor  
  79  6:03  Extractor, Hydralisk  
  84  6:05  Baneling x4  
  84  6:11  Hydralisk  
  84  6:14  Overlord  
  84  6:16  Overlord  
  84  6:17  Hydralisk  
  88  6:20  Overlord  
  88  6:22  Overlord  
  88  6:25  Hydralisk  
  88  6:26  Hydralisk  
  88  6:27  Zergling x2  
  88  6:28  Zergling x4  
  88  6:32  Drone x4  
  99  6:33  Extractor  
  98  6:40  Hydralisk x3  
  104  6:50  Hydralisk x2  
  104  6:51  Hydralisk  
  107  7:03  Drone x3  
  107  7:05  Infestation Pit  
  105  7:12  Drone x3  
  108  7:22  Hydralisk x3  
  110  7:23  Zergling x8  
  110  7:27  Overlord  
  110  7:29  Drone  
  119  7:30  Drone  
  119  7:32  Hatchery  
  119  7:40  Hatchery  
  118  7:57  Overseer  
  117  7:59  Baneling x2  
  117  8:00  Zerg Missile Weapons Level 2, Zerg Melee Weapons Level 1  
  117  8:02  Swarm Host x5  
  117  8:03  Swarm Host  
  117  8:05  Swarm Host  
  138  8:07  Overlord  
  138  8:10  Overlord x3  
  138  8:15  Overlord, Centrifical Hooks  
  138  8:23  Overlord  
  138  8:25  Overlord  
  138  8:29  Swarm Host x2  
  138  8:30  Swarm Host  
  138  8:32  Hydralisk  
  149  8:43  Extractor, Swarm Host x2  
  149  8:44  Extractor  
  149  8:45  Drone x5, Hatchery  
  157  8:50  Hydralisk x3  
  157  8:51  Zergling x10  
  157  8:52  Zergling x2  
  169  9:07  Hydralisk x4, Drone  
  169  9:08  Zergling x4  
  180  9:10  Overlord  
  180  9:16  Overlord  
  179  9:17  Drone  
  179  9:18  Evolution Chamber, Hive  
  179  9:19  Drone  
  179  9:20  Baneling x2  
  179  9:21  Baneling x2  
  177  9:28  Overseer  
  177  9:30  Swarm Host x2  
  177  9:31  Swarm Host  
  183  9:33  Swarm Host  
  189  9:44  Zergling x16  
  189  9:45  Zergling x4  
  199  9:52  Baneling x5  
  199  9:53  Baneling x4  
  199  10:13  Baneling  
  199  10:14  Baneling x18  
  199  10:20  Zerg Melee Weapons Level 2  
  195  10:32  Hydralisk x4  
  195  10:33  Zergling x8  
  195  10:42  Hydralisk x2  
  195  10:52  Hydralisk x2  
  195  10:53  Zergling x2  
  195  10:54  Overlord  
  195  10:56  Baneling x5  
  197  11:08  Hydralisk  
  191  11:19  Zergling x16  
  197  11:26  Hatchery  
  192  11:46  Drone x4  
  196  11:47  Spine Crawler  
  196  11:48  Spine Crawler, Zerg Ground Armor Level 2, Zerg Missile Weapons Level 3  
  196  11:51  Baneling  
  196  11:52  Baneling x7  
  188  12:20  Drone x3  
  191  12:24  Drone x2  
  191  12:25  Drone  
  191  12:26  Overlord  
  191  12:27  Extractor  
  191  12:28  Extractor  
  177  12:43  Zergling x40  
  190  12:50  Spine Crawler, Zergling x10  
  194  13:06  Overlord  
  190  13:14  Baneling x14  
  190  13:15  Baneling x6  
  190  13:17  Hydralisk x3  
  190  13:18  Hydralisk x3  
  190  13:19  Overlord  
  191  13:21  Overlord  
  191  13:23  Overlord  
  191  13:24  Overlord  
  182  13:28  Hydralisk  
  182  13:32  Overlord  
  181  13:36  Overlord  
  163  13:50  Hydralisk x14  
  189  14:08  Viper x2  
  195  14:12  Spore Crawler, Hatchery  
  195  14:15  Hatchery  
  192  14:19  Zergling x8  
  192  14:20  Zergling x2  
  189  14:36  Drone x5  
  190  14:59  Drone  
  191  15:00  Drone x4  
  191  15:01  Drone x3  
  191  15:03  Zergling x2  
  199  15:12  Baneling x10  
  197  15:27  Zerg Melee Weapons Level 3  
  197  15:28  Zerg Ground Armor Level 3  
  197  15:29  Zergling x4  
  197  15:31  Baneling x3  
  193  15:44  Zergling x12  
  199  15:55  Baneling x4  
  199  16:04  Spine Crawler  
  198  16:13  Hatchery  
  198  16:14  Baneling  
  198  16:15  Baneling x8  
  197  16:20  Hatchery  
  196  16:32  Extractor  
  192  16:45  Drone x3  
  192  16:46  Extractor x2  
  191  16:53  Zergling x18  
  190  17:12  Hydralisk x10  
  198  17:24  Baneling x11  
  198  17:35  Zergling x4  
  200  18:00  Baneling x7  
  175  18:16  Zergling x12  
  175  18:17  Zergling x26  
  175  18:19  Spine Crawler, Drone x2  
Tags
 
Add a new tag
Caveats
  • Supply blocks, unpowered buildings, or Contaminate may cause inaccurate times.
  • Supply counts are checked every 10 seconds.